 Dungeon Crawl Stone Soup version 0.20.1-1-g8b1a95d (webtiles) character file.

90 vineage the Twirler (level 4, -2/33 HPs)
             Began as a Demonspawn Gladiator on Aug 3, 2017.
             Killed by divine providence
             ... invoked by an orc priest
              (14 damage)
             ... on level 3 of the Dungeon.
             The game lasted 00:02:54 (1647 turns).

vineage the Twirler (Demonspawn Gladiator)          Turns: 1647, Time: 00:02:55

Health: -2/33      AC:  4    Str: 15    XL:     4   Next: 32%
Magic:  0/4        EV: 13    Int:  9    God:
Gold:   77         SH:  0    Dex: 15    Spells: 3/3 levels left

rFire    . . .     SeeInvis .   a - +0 quarterstaff
rCold    . . .     Gourm    .   (shield currently unavailable)
rNeg     . . .     Faith    .   b - +0 leather armour
rPois    +         Spirit   +   c - +0 helmet
rElec    .         Reflect  .   (no cloak)
rCorr    .         Harm     .   (no gloves)
MR       .....                  (no boots)
Stlth    +.........             g - amulet of rage
Regen    0.2/turn               k - ring of poison resistance
MPRegen  0.1/turn               (no ring)

@: no status effects
A: hooves 1, magic shield
a: Evoke Berserk Rage


You were on level 3 of the Dungeon.
You were hungry.

You visited 1 branch of the dungeon, and saw 3 of its levels.

You collected 77 gold pieces.

Inventory:

Hand Weapons
 a - a +0 quarterstaff (weapon)
Missiles
 d - 3 throwing nets (quivered)
Armour
 b - a +0 leather armour (worn)
 c - a +0 helmet (worn)
Jewellery
 g - an amulet of rage (around neck)
 k - a ring of poison resistance (left hand)
Scrolls
 e - 2 scrolls of teleportation
 i - a scroll of identify
 l - a scroll of noise
Potions
 j - a potion of haste {unknown}
 m - a potion of magic
 n - a potion of berserk rage {unknown}
Comestibles
 f - 2 bread rations
 h - 4 fruits
 o - a royal jelly


   Skills:
 + Level 2.2 Fighting
 + Level 3.6 Staves
 + Level 2.1 Throwing
 + Level 0.5 Armour
 + Level 3.4 Dodging
 + Level 0.2 Stealth


You had 3 spell levels left.
You didn't know any spells.

Dungeon Overview and Level Annotations

Branches:
Dungeon (3/15)

Altars:


Innate Abilities, Weirdness & Mutations

You have large cloven feet.
When hurt, damage is shared between your health and your magic reserves.


Message History

You hit the orc.
You kill the orc!
The orc barely misses you. The orc closely misses you.
The orc hits you with a club.
You hit the orc priest but do no damage.
Your kick misses the orc priest. The orc priest barely misses you.
The orc closely misses you. x3
You closely miss the orc priest.
You kick the orc priest, but do no damage.
The orc priest hits you with a mace. The orc hits you.
The orc hits you with a club.
You sock the orc priest! Your kick misses the orc priest.
The orc priest is severely wounded.
The orc hits you with a morningstar! The orc hits you.
The orc priest hits you with a mace. The orc barely misses you.
You are too injured to fight recklessly!
You are too injured to fight recklessly!
The orc priest calls down the wrath of Beogh upon you.
Beogh smites you!
You die...

.# .## ##+#
##..#.P.### ##...#
#...#...#.# #.....#
#...##.##.#
!......###..######.#
.......o##.........#
...!...o@<......#..#
......oo##......##.#
.......###.........#
#.....# ##.##..####
##...# #.#...# ##+#
#.#.#.# #.# #.#.#.#
#.# #.....# ##.##
###.###


You could see an orc priest and 3 orcs.

Vanquished Creatures
  3 gnolls (D:2)
  An adder (D:3)
  3 dart slugs
  5 leopard geckos
  An orc (D:3)
  A ball python (D:2)
  3 bats
  3 giant cockroaches (D:1)
  A goblin (D:2)
  4 hobgoblins (D:1)
  5 frilled lizards (D:1)
  10 kobolds
  4 rats
44 creatures vanquished.

Vanquished Creatures (others)
  A plant (D:2)
  5 toadstools (D:1)
6 creatures vanquished.

Grand Total: 50 creatures vanquished

Notes
Turn   | Place    | Note
-------+----------+-------------------------------------------
     0 | D:1      | vineage the Demonspawn Gladiator began the quest for the Orb.
     0 | D:1      | Reached XP level 1. HP: 16/16 MP: 1/1
   220 | D:1      | Gained mutation: You have large cloven feet. [demonic ancestry]
   220 | D:1      | Reached XP level 2. HP: 18/22 MP: 2/2
   866 | D:2      | Reached XP level 3. HP: 26/27 MP: 3/3
  1499 | D:2      | Gained mutation: When hurt, damage is shared between your health and your magic reserves. [demonic ancestry]
  1499 | D:2      | Reached XP level 4. HP: 19/33 MP: 4/4
  1647 | D:3      | Killed from afar by an orc priest

Skill      XL: |  1  2 |
---------------+-------+-----
Throwing       | 2 |  2.1
Dodging        | 3 |  3.4
Staves         | 3 |  3.6
Fighting       | |  2.2
Armour         | |  0.5
Stealth        | |  0.2

Action                   |  1- 3 |  4- 6 || total
-------------------------+-------+-------++-------
Melee: Quarterstaff      |    91 |    16 ||   107
       Kick              |    20 |     5 ||    25
  Use: Scroll            |     4 |       ||     4
  Eat: Fruit             |     2 |       ||     2
Armor: Leather armour    |    27 |     3 ||    30
Dodge: Dodged            |    63 |    17 ||    80
